 Dungeon Crawl Stone Soup version 0.20.1-1-g8b1a95d (webtiles) character file.

1428 Starchild the Blocker (level 9, -3/76 HPs)
             Began as a Formicid Fighter on Aug 6, 2017.
             Was a Follower of Cheibriados.
             Slain by an orc warrior
             ... wielding a +0 trident
              (15 damage)
             ... on level 6 of the Dungeon.
             The game lasted 00:15:21 (5694 turns).

Starchild the Blocker (Formicid Fighter)            Turns: 5694, Time: 00:15:21

Health: -3/76      AC:  8    Str: 24    XL:     9   Next: 3%
Magic:  8/9        EV:  9    Int:  9    God:    Cheibriados [*.....]
Gold:   273        SH: 14    Dex: 15    Spells: 8/8 levels left

rFire    . . .     SeeInvis +   a - +0 long sword
rCold    . . .     Gourm    .   c - +0 shield
rNeg     . . .     Faith    .   b - +0 scale mail
rPois    .         Spirit   .   (helmet unavailable)
rElec    .         Reflect  +   (no cloak)
rCorr    .         Harm     .   k - +0 pair of gloves (curse)
MR       .....                  (no boots)
Stlth    ..........             m - +2 amulet of reflection
Regen    0.3/turn               i - ring of fire (curse)
MPRegen  0.2/turn               s - ring of ice

@: very slow
A: permanent stasis, dig shafts and tunnels, four strong arms, antennae 3
a: Dig, Shaft Self, Bend Time, Renounce Religion


You were on level 6 of the Dungeon.
You worshipped Cheibriados.
Cheibriados was aware of your devotion.
You were not hungry.

You visited 2 branches of the dungeon, and saw 7 of its levels.
You also visited: Sewer.

You collected 273 gold pieces.

Inventory:

Hand Weapons
 a - a +0 long sword (weapon)
Missiles
 v - 2 javelins (quivered)
Armour
 b - a +0 scale mail (worn)
 c - a +0 shield (worn)
 k - a cursed +0 pair of gloves (worn)
Jewellery
 i - a cursed ring of fire (left hand)
 m - a +2 amulet of reflection (around neck)
 s - a ring of ice (right hand)
Wands
 q - a wand of lightning (5/15)
Scrolls
 e - 2 scrolls of identify
 h - a scroll of amnesia
 j - 2 scrolls of teleportation
 l - a scroll of enchant armour
 o - a scroll of recharging
 x - a scroll of random uselessness {unknown}
 y - a scroll of enchant weapon {unknown}
Potions
 d - a potion of might
 g - 7 potions of flight
 n - 4 potions of curing
 r - a potion of cancellation {unknown}
 t - a potion of degeneration {unknown}
 u - a potion of heal wounds {unknown}
 w - a potion of berserk rage {unknown}
Comestibles
 f - 2 bread rations
 p - 2 royal jellies
 z - 4 fruits


   Skills:
 + Level 9.1 Fighting
 - Level 2.2 Long Blades
 - Level 3.2 Armour
 - Level 9.1 Shields


You had 8 spell levels left.
You didn't know any spells.

Dungeon Overview and Level Annotations

Branches:
Dungeon (6/15)             Temple (1/1) D:4

Altars:
Ashenzari
Cheibriados
Dithmenos
Elyvilon
Fedhas
Gozag
Hepliaklqana
Kikubaaqudgha
Makhleb
Nemelex Xobeh
Okawaru
Qazlal
Ru
Sif Muna
Trog
Uskayaw
Vehumet
Xom
Yredelemnul
Zin
The Shining One

Shops:
D:4 }%


Innate Abilities, Weirdness & Mutations

You cannot be hasted, slowed, berserked, paralysed or teleported.
You can dig through walls and to a lower floor.
Your four strong arms can wield two-handed weapons with a shield.
You have a pair of large antennae on your head. (SInv)


Message History

You open the door.
The leopard gecko bites you but does no damage.
There is an open door here.
You slash the leopard gecko!
You kill the leopard gecko!
Cheibriados appreciates the change of pace.
You block the orc warrior's attack. You block the orc warrior's attack.
You block the orc warrior's attack.
You see here a stone.
You block the orc warrior's attack.
You hit the orc warrior.
The orc warrior is lightly wounded.
You block the orc warrior's attack.
You hit the orc warrior.
The orc warrior is lightly wounded.
The orc warrior hits you with a trident.
* * * LOW HITPOINT WARNING * * *
The orc warrior hits you with a trident!
You die...

........#(##.(..........
..%.....#..(......##....
..#.....#..(..##.....#
.......((....o.o.....#
.....#.÷#(....##.....#
.#.....(...o..##.###....
#.(...(.(.....#.o.# ##
########(########.#
.........oo@.....#
..........########
..........{....#######
#####........###.....#
#......#.÷.....§._.#
#......#..####.....#
#..<...##.#..#######
#####.....#.....
#......#


You could see an orc warrior and an orc.

Vanquished Creatures
  Grinder (D:3)
  A sky beast (D:6)
  2 ice beasts (D:5)
  A centaur (D:6)
  A big kobold (Sewer)
  2 scorpions (D:4)
  2 howler monkeys (D:6)
  2 crimson imps (D:6)
  A bullfrog zombie (D:5)
  3 hounds
  2 jellies
  An orc wizard (D:4)
  3 worker ants
  A howler monkey skeleton (D:5)
  4 gnolls (D:5)
  3 river rats (Sewer)
  7 adders
  A shadow imp (D:6)
  An ooze (D:3)
  4 worms
  3 dart slugs
  7 leopard geckos
  8 orcs
  4 ball pythons
  4 giant cockroaches
  12 goblins
  7 hobgoblins
  20 jackals
  7 kobolds
  3 quokkas
  9 bats
  4 frilled lizards
  7 rats
138 creatures vanquished.

Vanquished Creatures (others)
  A kobold (Sewer)
1 creature vanquished.

Grand Total: 139 creatures vanquished

Notes
Turn   | Place    | Note
-------+----------+-------------------------------------------
     0 | D:1      | Starchild the Formicid Fighter began the quest for the Orb.
     0 | D:1      | Reached XP level 1. HP: 18/18 MP: 1/1
    97 | D:1      | Reached XP level 2. HP: 21/24 MP: 2/2
   339 | D:1      | Reached XP level 3. HP: 23/29 MP: 3/3
   430 | D:1      | Reached skill level 5 in Shields
   851 | D:2      | Reached XP level 4. HP: 25/35 MP: 4/4
  1011 | D:2      | Found a shattered altar of Ashenzari.
  1615 | D:3      | Reached XP level 5. HP: 35/41 MP: 5/5
  1679 | D:3      | Noticed Grinder
  1710 | D:3      | Killed Grinder
  1710 | D:3      | Reached XP level 6. HP: 16/47 MP: 6/6
  2446 | D:4      | Found Dim Jost's Gadget Shop.
  2474 | D:4      | Reached XP level 7. HP: 37/52 MP: 7/7
  2550 | D:4      | Found a glowing drain.
  2573 | Sewer    | Entered a sewer
  2966 | Sewer    | Found a white marble altar of Elyvilon.
  3169 | D:4      | Found Obugruq's Food Shoppe.
  3425 | D:4      | Found a staircase to the Ecumenical Temple.
  3639 | D:5      | Entered Level 5 of the Dungeon
  3741 | Temple   | Entered the Ecumenical Temple
  3807 | Temple   | Became a worshipper of Cheibriados the Contemplative
  3929 | D:5      | Reached skill level 5 in Fighting
  4118 | D:5      | Reached XP level 8. HP: 62/63 MP: 8/8
  4639 | D:5      | Reached * piety under Cheibriados
  5415 | D:6      | Found a bloodstained altar of Trog.
  5626 | D:6      | Reached XP level 9. HP: 35/76 MP: 9/9
  5694 | D:6      | Slain by an orc warrior

Skill      XL: |  1  2  3  4  5  6  7  8 |
---------------+-------------------------+-----
Shields        | 4 5 6 8 9 |  9.1
Fighting       | 5 9 |  9.1
Long Blades    | |  2.2
Armour         | |  3.2

Action                   |  1- 3 |  4- 6 |  7- 9 || total
-------------------------+-------+-------+-------++-------
Melee: Long sword        |   115 |   159 |   379 ||   653
Throw: Javelin           |       |       |     3 ||     3
Invok: Bend Time         |       |       |     1 ||     1
 Abil: Dig               |     2 |     4 |     2 ||     8
  Use: Scroll            |       |       |     7 ||     7
  Eat: Chunk             |       |     5 |     3 ||     8
       Fruit             |       |       |     7 ||     7
       Royal jelly       |       |       |     1 ||     1
Armor: Scale mail        |    47 |    60 |   110 ||   217
Dodge: Dodged            |    37 |    64 |   123 ||   224
Block: Shield            |    80 |   105 |   332 ||   517
       Reflection        |       |       |    13 ||    13
       Rpst.: Long sword |     9 |    29 |    33 ||    71
